AoeStats
← MAVERICK

Arena

510169317Analyzed
2v2 RM · 1d ago on Sep 29, 2026· 44m 6s· 4 players
Game mode
Random Map
Map size
Medium (4 player)
Population
200
Speed
Normal
Resources
Standard
Victory
Conquest
Starting age
Dark Age
Ending age
Imperial Age
RankedLock teamsTeams togetherTeam positionsShared explorationLock speedFull tech treeHidden civsTurbo modeCheats
Victory
Defeat
🇩🇪 Berbers · Germany
1252
+13
🇩🇪 Britons · Germany
1238
+13
🇦🇷 Bohemians · Argentina
1186
-13
🇦🇷 Britons · Argentina
1183
-13
balgarv
11:48 Feudal Age
13:27 Double-Bit Axe
15:46 Castle Age
14:04 Horse Collar
15:19 Loom
16:44 Bow Saw
18:00 Heavy Plow
20:08 Fletching
23:25 Fervor
29:47 Imperial Age
27:30 Gold Mining
27:50 Stone Mining
28:12 Bodkin Arrow
28:57 Gold Shaft Mining
28:45 Padded Archer Armor
30:44 Ballistics
30:37 Bracer
31:42 Chemistry
31:11 Conscription
31:15 Elite Longbowman
32:16 Conscription
32:12 Squires
31:33 Man-at-Arms
31:34 Pikeman
32:01 Arson
32:28 Scale Mail Armor
32:39 Forging
33:00 Siege Engineers
33:54 Leather Archer Armor
34:02 Chain Mail Armor
33:42 Halberdier
34:08 Gambesons
33:43 Long Swordsman
35:19 Ring Archer Armor
35:33 Yeomen
36:16 Plate Mail Armor
36:22 Iron Casting
35:56 Treadmill Crane
36:12 Murder Holes
36:27 Masonry
39:49 Two-Handed Swordsman
42:30 Blast Furnace
42:07 Wheelbarrow
41:18 Town Watch
41:41 Warwolf
41:49 Champion
MAVERICK
5:24 Loom
13:04 Feudal Age
17:04 Castle Age
16:16 Double-Bit Axe
16:16 Horse Collar
18:18 Bow Saw
18:09 Heavy Plow
19:49 Wheelbarrow
22:06 Chemistry
24:15 Fortified Wall
27:20 Elite Skirmisher
28:25 Ballistics
28:07 Pikeman
34:17 Imperial Age
32:10 Masonry
31:55 Fletching
33:26 Hand Cart
33:37 Bodkin Arrow
33:42 Padded Archer Armor
34:27 Murder Holes
35:05 Bracer
35:21 Leather Archer Armor
37:18 Siege Engineers
38:13 Houfnice
38:56 Squires
40:01 Conscription
40:55 Two-Man Saw
Moriarty
10:52 Feudal Age
12:06 Double-Bit Axe
12:04 Horse Collar
14:47 Castle Age
13:28 Stone Mining
14:15 Loom
16:13 Wheelbarrow
21:31 Fletching
22:11 Bow Saw
23:02 Gold Mining
23:19 Heavy Plow
24:12 Wheelbarrow
23:26 Town Watch
23:49 Padded Archer Armor
25:07 Hand Cart
25:50 Bodkin Arrow
26:41 Ballistics
27:30 Gold Shaft Mining
27:57 Leather Archer Armor
31:13 Imperial Age
30:54 Forging
31:37 Husbandry
31:48 Scale Barding Armor
33:03 Chemistry
31:30 Elite Longbowman
32:33 Conscription
32:28 Bracer
33:46 Two-Man Saw
34:24 Ring Archer Armor
34:01 Town Patrol
33:35 Light Cavalry
33:37 Cavalier
35:51 Iron Casting
35:37 Chain Barding Armor
36:15 Warwolf
36:22 Elite Genitour
42:06 Blast Furnace
41:42 Plate Barding Armor
xcleenerx
10:14 Feudal Age
14:38 Castle Age
12:53 Horse Collar
13:13 Double-Bit Axe
16:18 Bow Saw
18:20 Loom
18:20 Town Watch
20:45 Heavy Plow
22:23 Light Cavalry
24:44 Wheelbarrow
24:40 Husbandry
26:07 Hand Cart
27:07 Kasbah
30:47 Imperial Age
28:41 Scale Barding Armor
28:46 Forging
28:33 Fletching
29:53 Gold Mining
29:58 Stone Mining
30:38 Padded Archer Armor
31:02 Chain Barding Armor
31:23 Bloodlines
32:22 Plate Barding Armor
31:46 Bodkin Arrow
32:07 Leather Archer Armor
32:56 Chemistry
32:17 Ballistics
32:55 Guilds
33:14 Conscription
32:25 Elite Genitour
33:15 Thumb Ring
33:48 Town Patrol
35:55 Ring Archer Armor
35:27 Bracer
35:51 Cavalier
35:52 Hussar
37:55 Hoardings
40:59 Siege Engineers
41:06 Masonry
42:08 Crop Rotation
Connection lost

Rejoining the realm…

Still unreachable

The connection could not be restored.

Session expired

The server has moved on; the page needs a fresh start.